 Dungeon Crawl Stone Soup version 0.28.0-53-g5a82cb258f (webtiles) character file.

Game seed: 3197243024830146321

56 gobodom the Chiller (level 3, 0/24 HPs)
             Began as a Demonspawn Ice Elementalist on June 18, 2022.
             Succumbed to an adder's poison
             ... on level 2 of the Dungeon.
             The game lasted 00:09:41 (1356 turns).

gobodom the Chiller (Demonspawn Ice Elementalist)   Turns: 1356, Time: 00:09:42

Health: 0/24       AC:  2    Str: 10    XL:     3   Next: 71%
Magic:  6/6        EV: 12    Int: 16    God:
Gold:   12         SH:  0    Dex: 13    Spells: 4/6 levels left

rFire   . . .      SeeInvis .   (no weapon)
rCold   . . .      Faith    .   (no shield)
rNeg    . . .      Spirit   .   a - +0 robe
rPois   .          Reflect  .   (helmet restricted)
rElec   .          Harm     .   (no cloak)
rCorr   .          Rampage  .   (no gloves)
Will    .....                   (no boots)
Stlth   ++........              f - amulet of magic regeneration
HPRegen 0.08/turn               (no ring)
MPRegen 0.50/turn               (no ring)

@: lethally poisoned (0 -> -2), weak-willed, attractive, invisible
A: horns 1
a: no special abilities


You were on level 2 of the Dungeon.
You visited 1 branch of the dungeon, and saw 2 of its levels.

You collected 12 gold pieces.

Inventory:

Hand Weapons
 i - a +0 dagger
Missiles
 l - 6 poisoned darts
Armour
 a - a +0 robe (worn)
Jewellery
 f - an amulet of magic regeneration (around neck)
Scrolls
 e - a scroll of enchant armour {unknown}
 g - a scroll of teleportation {unknown}
 h - a scroll of silence {unknown}
 j - a scroll of summoning {unknown}
Potions
 c - 2 potions of invisibility


   Skills:
 + Level 1.9 Dodging
 + Level 1.8 Stealth
 + Level 0.8 Unarmed Combat
 + Level 2.3 Spellcasting
 + Level 0.7 Translocations
 + Level 4.3 Ice Magic


You had 4 spell levels left.
You knew the following spells:

 Your Spells              Type           Power      Damage    Failure   Level
a - Freeze                Ice            60%        1d8       3%          1
b - Apportation           Tloc           8%         N/A       16%         1

Your spell library contained the following spells:

 Spells                   Type           Power      Damage    Failure   Level
 Frozen Ramparts          Ice            30%        1d5       10%         3
 Ozocubu's Armour         Ice            15%        N/A       10%         3
 Animate Skeleton         Necr           2%         N/A       21%         1
 Summon Small Mammal      Summ           4%         N/A       21%         1
 Hailstorm                Conj/Ice       8%         3d4       63%         4


Dungeon Overview and Level Annotations

Branches:
Dungeon (2/15)

Altars:


Innate Abilities, Weirdness & Mutations

You have a pair of small horns on your head.


Message History

The adder is lightly wounded.
You feel sick.
The adder is no longer moving slowly.
The adder bites you.
You are lethally poisoned!
The adder poisons you!
Casting: Freeze (safe; 3% risk of failure)
Confirm with . or Enter, or press ? or * to list all spells.
Aiming: Freeze (safe; 3% risk of failure)
Press: ? - help, Shift-Dir - straight line, f/p - adder
Aim: an adder (lightly wounded)
You freeze the adder.
The adder is severely wounded.
The adder seems to slow down.
* * * LOW HITPOINT WARNING * * *
You feel sick. The adder misses you.
Casting: Freeze (safe; 3% risk of failure)
Confirm with . or Enter, or press ? or * to list all spells.
Aiming: Freeze (safe; 3% risk of failure)
Press: ? - help, Shift-Dir - straight line, f/p - adder
Aim: an adder (severely wounded, slow)
You freeze the adder!
You kill the adder!
* * * LOW HITPOINT WARNING * * *
You feel sick.
It was a potion of invisibility.
You fade into invisibility!
* * * LOW HITPOINT WARNING * * *
You feel sick.
As you read the scroll labelled VOCEITUTSI, it crumbles to dust.
It is a scroll of amnesia.
Okay, then.
* * * LOW HITPOINT WARNING * * *
You feel sick.
Okay, then.
It was a potion of attraction.
You feel attractive to monsters.
* * * LOW HITPOINT WARNING * * *
You feel sick.
As you read the scroll labelled EGIESK CYUSTROFF, it crumbles to dust.
Magic quickly surges around you.
It was a scroll of vulnerability.
You die...

. ##..#.# .####
##.#.# #$..
#.†.##
#...>####..###..
#....#.........#
#...........####
>....#......#
#.......†##.###
.......@.......
.......####.###
....... .#
....... .......
....... ######.
#.


There were no monsters in sight!

Vanquished Creatures
  3 adders (D:2)
  A dart slug (D:1)
  An endoplasm (D:1)
  2 hobgoblins (D:1)
  3 jackals (D:1)
  3 quokkas
  A ball python (D:2)
  4 bats (D:1)
  4 frilled lizards
  5 goblins
  A rat (D:1)
28 creatures vanquished.

Notes
Turn   | Place    | Note
-------+----------+-------------------------------------------
     0 | D:1      | gobodom the Demonspawn Ice Elementalist began the quest for
                  | the Orb.
     0 | D:1      | Reached XP level 1. HP: 13/13 MP: 3/3
   371 | D:1      | Gained mutation: You have a pair of small horns on your
                  | head. [demonic ancestry]
   371 | D:1      | Reached XP level 2. HP: 19/19 MP: 3/5
   542 | D:1      | Reached skill level 4 in Ice Magic
  1070 | D:1      | Learned a level 1 spell: Apportation
  1332 | D:2      | Reached XP level 3. HP: 17/24 MP: 4/6
  1355 | D:2      | HP: 1/24 [poisoned by an adder]
  1356 | D:2      | Succumbed to an adder's poison

Illustrated notes

Levels and vault maps discovered:
D:1:      scummos_arrival_hexagon, layout_basic, minmay_ruptured
D:2:      layout_rooms

Skill      XL: |  1  2 |
---------------+-------+-----
Ice Magic      | 4 |  4.3
Dodging        | |  1.9
Stealth        | |  1.8
Unarmed Combat | |  0.8
Spellcasting   | |  2.3
Translocations | |  0.7

Action                   || total
-------------------------++-------
Melee: Unarmed           ||    39
       Headbutt          ||     5
 Cast: Freeze            ||    42
       Apportation       ||     7
  Use: Scroll            ||     2
       Potion            ||     2
Armor: Robe              ||     9
Dodge: Dodged            ||    52
